 Dungeon Crawl Stone Soup version 0.21.1-1-g345015f (webtiles) character file.

485 tidbits the Grave Robber (level 7, 24/50 HPs)
             Began as a Gnoll Necromancer on June 29, 2018.
             Quit the game on level 7 of the Dungeon.
             The game lasted 00:07:48 (674 turns).

tidbits the Grave Robber (Gnoll Necromancer)         Turns: 674, Time: 00:07:49

Health: 24/50      AC:  3    Str: 10    XL:     7   Next: 13%
Magic:  6/15       EV: 15    Int: 19    God:
Gold:   64         SH:  0    Dex: 16    Spells: 4/17 levels left

rFire    . . .     SeeInvis .   a - +2 short sword (venom)
rCold    . . .     Gourm    .   (no shield)
rNeg     . . .     Faith    .   h - +0 robe
rPois    .         Spirit   .   l - +1 hat
rElec    .         Reflect  .   (no cloak)
rCorr    .         Harm     .   (no gloves)
MR       .....                  (no boots)
Stlth    +++.......             (no amulet)
HPRegen  0.16/turn              (no ring)
MPRegen  0.14/turn              (no ring)

@: no status effects
A: distributed training, fangs 1, strong nose
a: no special abilities


You were on level 7 of the Dungeon.
You were not hungry.

You visited 2 branches of the dungeon, and saw 9 of its levels.

You collected 64 gold pieces.

Inventory:

Hand Weapons
 a - a +2 short sword of venom (weapon)
   (You took it off Terence on level 2 of the Dungeon)
 d - a +0 club
 f - a +0 hunting sling
 r - a +0 flail of crushing
   (You took it off an orc on level 5 of the Dungeon)
Missiles
 g - 14 stones (quivered)
 o - 33 arrows
Armour
 h - a +0 robe (worn)
 l - a +1 hat (worn)
Wands
 e - a wand of polymorph (8)
 k - a wand of flame (21)
 t - a wand of iceblast (3)
Scrolls
 n - 2 scrolls of remove curse
 q - 2 scrolls of teleportation
 u - a scroll of noise
Potions
 i - a potion of degeneration {unknown}
 j - a potion of magic {unknown}
 s - a potion of ambrosia
Books
 b - a book of Necromancy

   Spells                             Type                      Level
   a - Pain                           Necromancy                   1
   b - Animate Skeleton               Necromancy                   1
   c - Vampiric Draining              Necromancy                   3
   d - Regeneration                   Charms/Necromancy            3
   e - Animate Dead                   Necromancy                   4
   f - Borgnjor's Vile Clutch         Necromancy/Earth             5
 m - a book of Changes
   (You found it on level 4 of the Dungeon)

   Spells                             Type                      Level
   a - Beastly Appendage              Transmutation                1
   b - Sticks to Snakes               Transmutation                2
   c - Spider Form                    Transmutation/Poison         3
   d - Ice Form                       Ice/Transmutation            4
   e - Blade Hands                    Transmutation                5
Comestibles
 c - 2 rations


   Skills:
 + Level 2.2 Fighting
 + Level 2.2 Short Blades
 + Level 2.2 Long Blades
 + Level 2.2 Axes
 + Level 2.2 Maces & Flails
 + Level 2.2 Polearms
 + Level 2.2 Staves
 + Level 2.2 Slings
 + Level 2.2 Bows
 + Level 2.2 Crossbows
 + Level 2.2 Throwing
 + Level 2.2 Armour
 + Level 5.1 Dodging
 + Level 4.7 Stealth
 + Level 2.2 Shields
 + Level 2.2 Unarmed Combat
 + Level 5.5 Spellcasting
 + Level 1.8 Conjurations
 + Level 1.8 Hexes
 + Level 1.8 Charms
 + Level 1.8 Summonings
 + Level 7.3 Necromancy
 + Level 1.8 Translocations
 + Level 1.8 Transmutations
 + Level 1.8 Fire Magic
 + Level 1.8 Ice Magic
 + Level 1.8 Air Magic
 + Level 1.8 Earth Magic
 + Level 1.8 Poison Magic
 + Level 2.5 Invocations
 + Level 2.2 Evocations


You had 4 spell levels left.
You knew the following spells:

 Your Spells              Type           Power        Failure   Level  Hunger
a - Pain                  Necr           ####         1%          1    None
d - Vampiric Draining     Necr           ####......   1%          3    ##.....
n - Animate Skeleton      Necr           N/A          1%          1    None
r - Regeneration          Chrm/Necr      ###.......   5%          3    ##.....
v - Borgnjor's Vile Clut  Necr/Erth      ###.......   43%         5    #####..


Dungeon Overview and Level Annotations

Branches:
Dungeon (8/15)             Temple (1/1) D:5
   Lair: D:8-11

Altars:
Elyvilon
Gozag
Hepliaklqana
Kikubaaqudgha
Nemelex Xobeh
Okawaru
Ru
Sif Muna
Uskayaw
Wu Jian
Zin

Shops:
D:6 (   D:7 :


Innate Abilities, Weirdness & Mutations

Your experience applies equally to all skills.
You have very sharp teeth.
Your uncanny sense of smell can sniff out nearby items.


Message History

The centaur is heavily wounded.
The centaur hits you! The centaur completely misses you.
Casting: Borgnjor's Vile Clutch
Confirm with . or Enter, or press ? or * to list all spells.
Aiming: Pain
Press: ? - help, Shift-Dir - straight line, f - centaur
Aim: a centaur (heavily wounded, poisoned, chance to defeat MR: 84%)
The centaur writhes in agony!
The centaur misses you.
Casting: Pain
Confirm with . or Enter, or press ? or * to list all spells.
Aiming: Pain
Press: ? - help, Shift-Dir - straight line, f/p - centaur
Aim: a centaur (almost dead, poisoned, chance to defeat MR: 84%)
The centaur writhes in agony!
You kill the centaur!
Your Fighting skill increases to level 2!
Your Short Blades skill increases to level 2!
Your Long Blades skill increases to level 2!
Your Axes skill increases to level 2!
Your Maces & Flails skill increases to level 2!
Your Polearms skill increases to level 2!
Your Staves skill increases to level 2!
Your Slings skill increases to level 2!
Your Bows skill increases to level 2!
Your Crossbows skill increases to level 2!
Your Throwing skill increases to level 2!
Your Armour skill increases to level 2!
Your Shields skill increases to level 2!
Your Unarmed Combat skill increases to level 2!
Your Evocations skill increases to level 2!
The bullfrog hits you.
Casting: Pain
Confirm with . or Enter, or press ? or * to list all spells.
Aiming: Pain
Press: ? - help, Shift-Dir - straight line, f - bullfrog
Aim: a bullfrog (chance to defeat MR: 84%)
The bullfrog writhes in agony!
The bullfrog barely misses you.
Casting: Pain
Confirm with . or Enter, or press ? or * to list all spells.
Aiming: Pain
Press: ? - help, Shift-Dir - straight line, f/p - bullfrog
Aim: a bullfrog (moderately wounded, chance to defeat MR: 84%)
The bullfrog writhes in agony!
The bullfrog misses you. The bullfrog barely misses you.
Casting: Pain
Confirm with . or Enter, or press ? or * to list all spells.
Aiming: Pain
Press: ? - help, Shift-Dir - straight line, f/p - bullfrog
Aim: a bullfrog (severely wounded, chance to defeat MR: 84%)
The bullfrog writhes in agony!
The bullfrog completely misses you.
Casting: Pain
Confirm with . or Enter, or press ? or * to list all spells.
Aiming: Pain
Press: ? - help, Shift-Dir - straight line, f/p - bullfrog
Aim: a bullfrog (almost dead, chance to defeat MR: 84%)
The bullfrog writhes in agony!
You kill the bullfrog!
You have reached level 7!
Items here: ( ) †† a shortbow; 13 arrows; a bullfrog corpse; a centaur corpse
o - 33 arrows (gained 13)
There is a stone staircase leading up here.
You climb upwards.
Found a scroll of teleportation.
There is a stone staircase leading down here.
Unknown command.
You see here a scroll of teleportation.
q - 2 scrolls of teleportation (gained 1)
Found a scroll of remove curse.
A jelly and a big kobold come into view.
Found a scroll of identify.
Unknown command.
The helpless jelly fails to defend itself.
You puncture the jelly!
The jelly is poisoned.
Your hands burn!
You bite the jelly.
The jelly is almost dead.
You kill the jelly!
You see here a scroll of remove curse.
n - 2 scrolls of remove curse (gained 1)
The big kobold shouts!
The big kobold throws a stone.
The stone hits you.
Found a short glowing staff.
An orc comes into view. It is wielding a trident.
You see here a stone.
Casting: Pain
Confirm with . or Enter, or press ? or * to list all spells.
Aiming: Pain
Press: ? - help, Shift-Dir - straight line, f - big kobold
Aim: a big kobold, wielding a short sword (chance to defeat MR: 84%)
The big kobold barely resists.
The orc shouts!
The big kobold throws a stone.
The stone misses you.
Casting: Pain
Confirm with . or Enter, or press ? or * to list all spells.
Aiming: Pain
Press: ? - help, Shift-Dir - straight line, f/p - big kobold
Aim: a big kobold, wielding a short sword (chance to defeat MR: 84%)
The big kobold writhes in agony!
The big kobold throws a stone.
The stone hits you.
* * * LOW HITPOINT WARNING * * *
Are you sure you want to abandon this character and quit the game? (Confirm with "yes".)

#.. #..
#.| #o8
#.# #. #.#
#.# #K##
#.# #.?#
##.###.8#
... #@#
#.. #.#
#.###.##
#...#..#
#.#...8#
#.######
#>#
#.........
#..#######


You could see a big kobold and an orc.

Vanquished Creatures
  An ogre (D:4)
  A centaur (D:8)
  A bullfrog (D:8)
  A scorpion (D:8)
  A hound (D:7)
  A jelly (D:7)
  Terence (D:2)
  A worker ant (D:6)
  A worker ant zombie (D:6)
  2 adders
  3 gnolls (D:7)
  An ooze (D:1)
  2 adder zombies (D:6)
  5 orcs
  A bat (D:1)
  A giant cockroach (D:4)
  2 goblins (D:2)
  4 jackals (D:2)
  A rat (D:2)
31 creatures vanquished.

Notes
Turn   | Place    | Note
-------+----------+-------------------------------------------
     0 | D:1      | tidbits the Gnoll Necromancer began the quest for the Orb.
     0 | D:1      | Reached XP level 1. HP: 13/13 MP: 6/6
   121 | D:2      | Reached XP level 2. HP: 17/19 MP: 5/7
   167 | D:2      | Noticed Terence
   174 | D:2      | Killed Terence
   174 | D:2      | Reached skill level 5 in Spellcasting
   174 | D:2      | Reached skill level 1 in Invocations
   174 | D:2      | Reached XP level 3. HP: 16/25 MP: 5/9
   190 | D:2      | Learned a level 1 spell: Animate Skeleton
   194 | D:2      | Learned a level 3 spell: Vampiric Draining
   201 | D:2      | Learned a level 3 spell: Regeneration
   243 | D:4      | Noticed an ogre
   298 | D:4      | Killed an ogre
   298 | D:4      | Reached skill level 1 in Fighting
   298 | D:4      | Reached skill level 1 in Short Blades
   298 | D:4      | Reached skill level 1 in Long Blades
   298 | D:4      | Reached skill level 1 in Axes
   298 | D:4      | Reached skill level 1 in Maces & Flails
   298 | D:4      | Reached skill level 1 in Polearms
   298 | D:4      | Reached skill level 1 in Staves
   298 | D:4      | Reached skill level 1 in Slings
   298 | D:4      | Reached skill level 1 in Bows
   298 | D:4      | Reached skill level 1 in Crossbows
   298 | D:4      | Reached skill level 1 in Throwing
   298 | D:4      | Reached skill level 1 in Armour
   298 | D:4      | Reached skill level 1 in Shields
   298 | D:4      | Reached skill level 1 in Unarmed Combat
   298 | D:4      | Reached skill level 1 in Conjurations
   298 | D:4      | Reached skill level 1 in Hexes
   298 | D:4      | Reached skill level 1 in Charms
   298 | D:4      | Reached skill level 1 in Summonings
   298 | D:4      | Reached skill level 1 in Translocations
   298 | D:4      | Reached skill level 1 in Transmutations
   298 | D:4      | Reached skill level 1 in Fire Magic
   298 | D:4      | Reached skill level 1 in Ice Magic
   298 | D:4      | Reached skill level 1 in Air Magic
   298 | D:4      | Reached skill level 1 in Earth Magic
   298 | D:4      | Reached skill level 1 in Poison Magic
   298 | D:4      | Reached skill level 1 in Evocations
   298 | D:4      | Reached XP level 4. HP: 18/32 MP: 0/11
   298 | D:4      | Reached XP level 5. HP: 20/37 MP: 0/12
   324 | D:5      | Entered Level 5 of the Dungeon
   375 | D:6      | Found an ancient bone altar of Kikubaaqudgha.
   381 | D:6      | Found Maqah Lirr's Weapon Boutique.
   432 | D:6      | Learned a level 5 spell: Borgnjor's Vile Clutch
   468 | D:5      | Found a staircase to the Ecumenical Temple.
   474 | Temple   | Entered the Ecumenical Temple
   594 | D:7      | Found a hazy altar of Hepliaklqana.
   609 | D:7      | Found Zekytor's Book Shop.
   613 | D:7      | Reached skill level 2 in Invocations
   613 | D:7      | Reached XP level 6. HP: 40/44 MP: 5/13
   636 | D:8      | Reached skill level 5 in Dodging
   644 | D:8      | Reached skill level 2 in Fighting
   644 | D:8      | Reached skill level 2 in Short Blades
   644 | D:8      | Reached skill level 2 in Long Blades
   644 | D:8      | Reached skill level 2 in Axes
   644 | D:8      | Reached skill level 2 in Maces & Flails
   644 | D:8      | Reached skill level 2 in Polearms
   644 | D:8      | Reached skill level 2 in Staves
   644 | D:8      | Reached skill level 2 in Slings
   644 | D:8      | Reached skill level 2 in Bows
   644 | D:8      | Reached skill level 2 in Crossbows
   644 | D:8      | Reached skill level 2 in Throwing
   644 | D:8      | Reached skill level 2 in Armour
   644 | D:8      | Reached skill level 2 in Shields
   644 | D:8      | Reached skill level 2 in Unarmed Combat
   644 | D:8      | Reached skill level 2 in Evocations
   648 | D:8      | Reached XP level 7. HP: 35/50 MP: 4/15
   674 | D:7      | Quit the game

Skill      XL: |  1  2  3  4  5  6 |
---------------+-------------------+-----
Spellcasting   | 5 |  5.5
Invocations    | 1 2 |  2.5
Fighting       | 1 2 |  2.2
Short Blades   | 1 2 |  2.2
Long Blades    | 1 2 |  2.2
Axes           | 1 2 |  2.2
Maces & Flails | 1 2 |  2.2
Polearms       | 1 2 |  2.2
Staves         | 1 2 |  2.2
Slings         | 1 2 |  2.2
Bows           | 1 2 |  2.2
Crossbows      | 1 2 |  2.2
Throwing       | 1 2 |  2.2
Armour         | 1 2 |  2.2
Shields        | 1 2 |  2.2
Unarmed Combat | 1 2 |  2.2
Conjurations   | 1 |  1.8
Hexes          | 1 |  1.8
Charms         | 1 |  1.8
Summonings     | 1 |  1.8
Translocations | 1 |  1.8
Transmutations | 1 |  1.8
Fire Magic     | 1 |  1.8
Ice Magic      | 1 |  1.8
Air Magic      | 1 |  1.8
Earth Magic    | 1 |  1.8
Poison Magic   | 1 |  1.8
Evocations     | 1 2 |  2.2
Dodging        | 5 |  5.1
Stealth        | |  4.7
Necromancy     | |  7.3

Action                   |  1- 3 |  4- 6 |  7- 9 || total
-------------------------+-------+-------+-------++-------
Melee: Club              |     6 |       |       ||     6
       Unarmed           |     5 |       |       ||     5
       Short sword       |     8 |    24 |     1 ||    33
       Flail             |       |    13 |       ||    13
       Bite              |       |     7 |     1 ||     8
 Cast: Pain              |    17 |     8 |     3 ||    28
       Regeneration      |     2 |     1 |       ||     3
       Vampiric Draining |     1 |     1 |       ||     2
       Borgnjor's Vile C |       |     1 |       ||     1
Evoke: Wand              |     5 |     1 |       ||     6
  Use: Potion            |     1 |       |       ||     1
       Scroll            |       |     7 |       ||     7
 Stab: Sleeping          |     2 |     8 |     1 ||    11
Armor: Robe              |     3 |     2 |       ||     5
Dodge: Dodged            |    25 |    29 |     1 ||    55

Table legend:
 A = Turns spent in this place as a percentage of turns spent in the entire game.
 B = Non-inter-level travel turns spent in this place as a percentage of non-inter-level travel turns spent in the entire game.
 C = Inter-level travel turns spent in this place as a percentage of turns spent in this place.
 D = Turns resting spent in this place as a percentage of non-inter-level travel turns spent in this place.
 E = Turns spent auto-exploring this place as a percentage of non-inter-level travel turns spent in this place.
 F = Non-inter-level travel turns spent in this place divided by the number of levels of this place that you've seen.
                   A       B       C       D       E      F
               +-------+-------+-------+-------+-------+----------------------
         Total | 100.0 | 100.0 |   0.0 |   0.0 |   0.0 |  74.9
       Dungeon |  93.0 |  93.0 |   0.0 |   0.0 |   0.0 |  78.4
        Temple |   7.0 |   7.0 |   0.0 |   0.0 |   0.0 |  47.0
               +-------+-------+-------+-------+-------+----------------------

Table legend:
 A = Kills in this place as a percentage of kills in entire the game.
 B = Kills by you in this place as a percentage of kills by you in the entire game.
 C = Kills by friends in this place as a percentage of kills by friends in the entire game.
 D = Other kills in this place as a percentage of other kills in the entire game.
 E = Experience gained in this place as a percentage of experience gained in the entire game.
 F = Experience gained in this place divided by the number of levels of this place that you have seen.
                   A       B       C       D       E      F
               +-------+-------+-------+-------+-------+----------------------
         Total | 100.0 | 100.0 |   N/A |   N/A | 100.0 |  77.0
       Dungeon | 100.0 | 100.0 |   N/A |   N/A | 100.0 |  86.6
               +-------+-------+-------+-------+-------+----------------------

Vault maps used:
D:1:      minmay_arrival_four_loops
D:2:      fiery_altar_vehumet, lemuel_doored_altar, uniq_sigmund, uniq_terence
D:3:      kennysheep_slug_shrine, first_ration,
          chequers_ecumenical_altar_simple_redux
D:4:      gammafunk_temple_overflow_wave, nicolae_qazlal_general_emergency,
          eino_tiny_chamber, hangedman_abyss_or_decor_passed,
          nicolae_dithmenos_through_a_glass_darkly
D:5:      minmay_temple_entry_from_below_a, roderic_lattice_a, minivault_4
D:6:      kiku_gazebo_pond_becter, serial_shops, nicolae_shop_crystal, shop,
          shop
D:7:      wad_river_or_something, kennysheep_little_box, lightli_temple_of_fire,
          serial_shops, shop_statue, grunt_ogre_cave, nicolae_ru_awakened_eye
D:8:      grunt_temple_overflow_champion_of_chaos, nicolae_underground_beach,
          uniq_erica
Temple:   dpeg_three_leaves_temple
